slyhack, chaotic female human Rogue --- ...---- .......---. ........|... ............. .......)....- ......[..[).-- .......f@.)..| ........G...-- -....[......- |........... ----.... ---- slyhack the Cutpurse Experience level: 5 Strength: 15 Dexterity: 18 Constitution: 13 Intelligence: 10 Wisdom: 11 Charisma: 9 Health: 0(41) Energy: 22(22) Def: 8 Gold: 16 Moves: 1959 Dungeon seed: xoU-bddSb2rx60NZ Game ID: slyhack_1476885618 Your Inventory: Coins $ - 16 gold pieces Weapons a - an uncursed +0 long sword named nc (weapon in hand) w - 15 uncursed +0 daggers (in quiver) D - an uncursed +0 elven dagger P - 4 uncursed +2 daggers Armor e - an uncursed +1 leather armor (being worn) y - an uncursed +0 oilskin cloak (being worn) z - an uncursed +0 dwarvish iron helm (being worn) C - an uncursed +0 pair of iron shoes (being worn) Potions s - an uncursed potion of water K - a cursed potion of levitation L - an uncursed potion of monster detection Tools d - an uncursed lock pick f - an uncursed sack g - an uncursed stethoscope h - an uncursed tin opener i - an uncursed brass lantern (lit) (0:140) v - 16 uncursed tallow candles (0:200) E - 4 cursed tallow candles (0:200) H - an uncursed oil lamp (0:1410) I - an uncursed tin whistle Gems n - 5 uncursed worthless pieces of yellowish brown glass q - an uncursed worthless piece of blue glass r - an uncursed worthless piece of orange glass M - an uncursed jasper stone N - 3 uncursed worthless pieces of yellow glass Y - an uncursed worthless piece of green glass Contents of the sack: 89 gold pieces an uncursed spellbook of cure sickness an uncursed potion of confusion an uncursed potion of sickness Spells and supernatural/magical abilities: Name Level Category Fail Memory W - pray for help -- divine ? -- Your skills at the end: Fighting Skills Weapon Skills dagger [Basic] short sword [Basic] long sword [Basic] Spellcasting Skills Final Attributes: You were piously aligned. You were telepathic. You were stealthy. You are dead. Vanquished creatures: 5 gnome lords a floating eye 4 dwarves 2 hill orcs a giant bat 3 hobbits a large kobold a red mold 21 gnomes 2 jackals 2 foxes a kobold a goblin 5 grid bugs a bat 2 lichens 3 newts 56 creatures vanquished. Voluntary challenges: You were an atheist. You used a wielded weapon 47 times, starting on turn 155. You read items or engraved 14 times, starting on turn 762. You never genocided any monsters. You never polymorphed an object. You never changed form. You used no wishes. You never split a pudding. You wrote Elbereth's name 13 times, starting on turn 762. You never violated your personal moral code. Dungeon overview: The Dungeons of Doom: levels 1 to 3 Level 1 some fountains a long staircase Level 2 a general store, a fountain Level 3 a fountain stairs to The Gnomish Mines The Gnomish Mines: levels 4 to 6 Level 4 stairs to The Dungeons of Doom Level 5 Level 6 <- You were here History has recorded: On T:1 you entered the Dungeons of Doom to retrieve the Amulet of Yendor! On T:207 you reached level 2 of The Dungeons of Doom. On T:577 you advanced to experience level 2. On T:661 you reached level 3 of The Dungeons of Doom. On T:696 you reached level 1 of The Gnomish Mines. On T:728 you advanced to experience level 3. On T:822 you advanced to experience level 4. On T:1206 you reached level 2 of The Gnomish Mines. On T:1382 you reached level 3 of The Gnomish Mines. On T:1392 you advanced to experience level 5. Score breakdown: Gold: 105 ( 6889 points) Experience: 5 levels (11141 points) Exploration: 6 levels ( 12.77%) ( 9890 points) Discoveries: 4 items ( 1.34%) ( 3475 points) Valuables value: (no points given unless you survive) Artifact value: 0 ( 0 points) Variety of kills: 17 monsters ( 4.46%) ( 6336 points) Turncount: 1959 turns ( 0 points) Survival: died (score multiplied by 80%) Total score: 30184 Latest messages: You see here an elven mithril-coat named cursed. You see here a thonged club. You fall down the stairs. There is a staircase up here. You see here a bow. There are a few objects here. Archaea bites the gnome. The gnome misses Archaea. Archaea misses the gnome. You miss the gnome. Archaea misses the gnome. The gnome zaps a wand of magic missile! The magic missile hits you! (2x) You hear the howling of the CwnAnnwn... The gnome is killed by the magic missile! Archaea picks up a wand of magic missile. Your lamp is now on. There are a few objects here. The gnome lord thrusts his dagger. The gnome lord hits! You die... Final status: Goodbye slyhack the Rogue, killed by a gnome lord... You died in The Gnomish Mines on dungeon level 6 with 30184 points, and 105 pieces of gold, after 1959 moves. You were level 5 with a maximum of 41 hit points when you died.